 Dungeon Crawl Stone Soup version 0.31-a0-408-gb642c7f9a3 (webtiles) character file.

Game seed: 14535954465635058151

549 drugrobin the Chopper (level 6, 0/50 HPs)
             Began as a Demigod Delver on July 29, 2023.
             Succumbed to a scorpion's poison
             ... on level 5 of the Dungeon.
             The game lasted 00:11:18 (2396 turns).

drugrobin the Chopper (Demigod Delver)              Turns: 2396, Time: 00:11:19

Health: 0/50       AC:  6    Str: 20 (21) XL:     6   Next: 79%
Magic:  8/8        EV: 11    Int: 10 (12) God:
Gold:   0          SH:  0    Dex: 13 (15) Spells: 5/5 levels left

rFire   . . .        a - +0 hand axe
rCold   . . .        (no shield)
rNeg    . . .        n - +3 leather armour
rPois   .            (no helmet)
rElec   .            (no cloak)
rCorr   .            (no gloves)
SInv    .            (no boots)
Will    .....        (no amulet)
Stlth   ++           (no ring)
HPRegen 0.28/turn    (no ring)
MPRegen 0.11/turn

%: no passive effects
@: lethally poisoned (0 -> -5)
A: high MP 1, forlorn, divine attributes
a: no special abilities


You were on level 5 of the Dungeon.
You visited 1 branch of the dungeon, and saw 2 of its levels.
You also visited: Ossuary.

Inventory:

Hand Weapons
 a - a +0 hand axe (weapon)
Missiles
 h - 2 boomerangs (quivered)
Armour
 b - a +0 leather armour
 n - a +3 leather armour (worn)
Wands
 g - a wand of digging (2)
Scrolls
 c - a scroll of fog
 d - 2 scrolls of revelation
 e - a scroll of fear
 i - a scroll of enchant armour {unknown}
 k - 3 scrolls of teleportation {unknown}
 l - a scroll of vulnerability {unknown}
 m - 2 scrolls of identify {unknown}
Potions
 f - 2 potions of haste


   Skills:
 - Level 2.6 Fighting
 + Level 7.1 Axes
 - Level 1.7 Dodging
 - Level 4.5 Stealth


You had 5 spell levels left.
You didn't know any spells.
Your spell library was empty.

Dungeon Overview and Level Annotations

Branches:
Dungeon (6/15)             Temple (0/1) D:5         Ossuary (visited)

Annotations:
D:5 exclusion: 2 scorpions


Innate Abilities, Weirdness & Mutations

You have an increased reservoir of magic. (+10% MP)
You shall have no god before yourself.
Your divine heritage dramatically boosts your attributes as you level up.


Message History

The scorpion stings you.
You closely miss the scorpion.
The scorpion is heavily wounded.
You feel sick. The scorpion barely misses you.
Unknown command.
Unknown command.
You hit the scorpion.
The scorpion is heavily wounded.
You feel sick. The scorpion stings you.
* * * LOW HITPOINT WARNING * * *
You are lethally poisoned!
The scorpion poisons you!
Unknown command.
Unknown command.
As you read the scroll of fear, it crumbles to dust.
You assume a fearsome visage.
The scorpion looks frightened!
* * * LOW HITPOINT WARNING * * *
You feel very sick.
It was a potion of degeneration.
There was something very wrong with that liquid.
You feel weakened.
You feel dopey.
You feel clumsy.
* * * LOW HITPOINT WARNING * * *
You feel very sick.
Unknown command.
Okay, then.
Throw: 2 boomerangs
Press: ? - help, Q - select action Shift-Dir - straight line, f/p - scorpion
Aim: a scorpion (heavily wounded, fleeing, 54% to hit)
You throw a boomerang.
The boomerang closely misses the scorpion.
* * * LOW HITPOINT WARNING * * *
You feel sick.
Unknown command.
Throw: 2 boomerangs
Press: ? - help, Q - select action Shift-Dir - straight line, f/p - scorpion
Aim: a scorpion (heavily wounded, fleeing, 54% to hit)
You throw a boomerang. The boomerang hits the scorpion.
Your attack snaps the scorpion out of its fear.
The scorpion is severely wounded.
You die...

#.######.....##.##..#
#........#....###..##
#####....#>.......##.
##..........#..#.
#...#...##..#..#.
###........##....
##...#......##....
#...........###..#
#@...............#
#..............##.#
#...............#.#
##......##......#..
#........#....#....
##.....s.....##....
............#.....
.......#......##..
.... ...## ##.


You could see a scorpion.

Vanquished Creatures
  A phantom (D:5)
  2 elf zombies (D:5)
  3 elf skeletons (D:5)
  3 human zombies (D:5)
  A mummy (Ossuary)
  An adder (D:5)
  An ufetubus (D:5)
  2 orcs (D:5)
  6 spectral bats (Ossuary)
  2 bat simulacra (Ossuary)
  12 gnoll zombies (Ossuary)
  3 goblin simulacra (Ossuary)
  3 goblin zombies (Ossuary)
  6 hobgoblin zombies (Ossuary)
  3 kobold simulacra (Ossuary)
  4 kobold zombies (Ossuary)
  2 orc skeletons (D:5)
  6 orc zombies
  3 rat simulacra (Ossuary)
  4 spectral goblins (Ossuary)
  4 spectral kobolds (Ossuary)
72 creatures vanquished.

Notes
Turn   | Place    | Note
-------+----------+-------------------------------------------
     0 | D:5      | drugrobin the Demigod Delver began the quest for the Orb.
     0 | D:5      | Reached XP level 1. HP: 18/18 MP: 3/3
    29 | D:5      | Noticed a scorpion
    90 | D:5      | Found a sand-covered staircase.
   142 | D:5      | Reached skill level 2 in Axes
   158 | Ossuary  | Entered an ossuary
   306 | Ossuary  | Reached XP level 2. HP: 24/25 MP: 4/4
   440 | Ossuary  | Reached skill level 3 in Axes
   492 | Ossuary  | Reached XP level 3. HP: 22/22 MP: 5/5
  1241 | D:5      | Reached skill level 4 in Axes
  1241 | D:5      | Reached XP level 4. HP: 16/37 MP: 6/6
  1265 | D:5      | Reached skill level 5 in Axes
  1265 | D:5      | Reached XP level 5. HP: 15/42 MP: 7/7
  1403 | D:5      | Found a staircase to the Ecumenical Temple.
  1673 | D:5      | Reached skill level 6 in Axes
  1725 | D:5      | Reached XP level 6. HP: 18/50 MP: 8/8
  2216 | D:5      | Reached skill level 7 in Axes
  2395 | D:5      | HP: 2/50 [poisoned by a scorpion]
  2396 | D:5      | Succumbed to a scorpion's poison

Illustrated notes

Levels and vault maps discovered:
D:5:      layout_cave_pools, lemuel_zombie_altar_yredelemnul,
          minmay_temple_entry_from_below_a, gammafunk_ghost_mausoleum,
          nicolae_ossuary_entry_catacombs, kennysheep_generic_room_10
D:6:      layout_rooms, serial_glass, glass_columns_a, glass_columns_a,
          solitary_fountain

Skill      XL: |  1  2  3  4  5  6 |
---------------+-------------------+-----
Axes           | 2 3 4 5 6 7 |  7.1
Fighting       | |  2.6
Dodging        | |  1.7
Stealth        | |  4.5

Action                     |  1- 3 |  4- 6 || total
---------------------------+-------+-------++-------
  Melee: Hand axe          |   285 |   182 ||   467
         Punch             |     5 |     1 ||     6
  Throw: Boomerang         |     6 |    18 ||    24
  Evoke: Wand              |       |     1 ||     1
    Use: Scroll            |       |     1 ||     1
         Potion            |       |     1 ||     1
   Stab: Sleeping          |    10 |     4 ||    14
 Armour: Leather armour    |   130 |    17 ||   147
  Dodge: Dodged            |   187 |    58 ||   245

Table legend: (Time is in decaauts)
 A = Elapsed time spent in this place.
 B = Non-inter-level travel time spent in this place.
 C = Inter-level travel time spent in this place.
 D = Time resting spent in this place.
 E = Time spent auto-exploring this place.
 F = Levels seen in this place.
 G = Mean time per level.
                   A        B        C        D        E       F      G
               +--------+--------+--------+--------+--------+-----+--------+
         Total |   2444 |   2395 |     49 |    813 |     39 |   3 |  814.7 |
       Dungeon |   1477 |   1428 |     49 |    737 |      5 |   2 |  738.5 |
       Ossuary |    967 |    967 |      0 |     76 |     34 |   1 |  967.0 |
               +--------+--------+--------+--------+--------+-----+--------+

Top non-repeatable levels by time:
     D:5: 1372 daAuts
 Ossuary: 967 daAuts
     D:6: 104 daAuts
